 Dungeon Crawl Stone Soup version 0.31.0-32-g396128a36d (webtiles) character file.

Game seed: 8438155364845893727

78 unlimited1921 the Chopper (level 4, -1/41 HPs)
             Began as a Gnoll Cinder Acolyte on Mar 28, 2024.
             Was a High Priest of Ignis.
             Slain by Sigmund
             ... wielding a +0 scythe
              (12 damage)
             ... on level 2 of the Dungeon.
             The game lasted 00:03:31 (3562 turns).

unlimited1921 the Chopper (Gnoll Cinder Acolyte)    Turns: 3562, Time: 00:03:31

Health: -1/41      AC:  2    Str: 14    XL:     4   Next: 36%
Magic:  8/8        EV: 11    Int: 15    God:    Ignis [*****.]
Gold:   34         SH:  0    Dex:  7    Spells: 9/9 levels left

rFire   + . .        a - -1 hand axe (flame)
rCold   . . .        (no shield)
rNeg    . . .        b - +0 robe
rPois   .            (no helmet)
rElec   .            (no cloak)
rCorr   .            (no gloves)
SInv    .            (no boots)
Will    .....        (no amulet)
Stlth   +            (no ring)
HPRegen 0.26/turn    (no ring)
MPRegen 0.11/turn

%: no passive effects
@: no status effects
A: fangs 1, strong nose, distributed training
a: Renounce Religion, Fiery Armour, Foxfire Swarm, Rising Flame


You were on level 2 of the Dungeon.
You worshipped Ignis.
Ignis was extremely pleased with you.
You visited 1 branch of the dungeon, and saw 2 of its levels.

You collected 34 gold pieces.

Inventory:

Hand Weapons
 a - a -1 hand axe of flaming (weapon)
Armour
 b - a +0 robe (worn)
Scrolls
 d - a scroll of fog {unknown}
 e - 2 scrolls of identify {unknown}
 g - a scroll of immolation {unknown}
 h - 2 scrolls of revelation {unknown}
Potions
 c - a potion of enlightenment {unknown}
 f - a potion of attraction {unknown}


   Skills:
 + Level 6.6 Fighting
 + Level 1.2 Short Blades
 + Level 1.2 Long Blades
 + Level 6.6 Axes
 + Level 1.2 Maces & Flails
 + Level 1.2 Polearms
 + Level 1.2 Staves
 + Level 1.2 Ranged Weapons
 + Level 1.2 Throwing
 + Level 1.2 Armour
 + Level 1.2 Dodging
 + Level 1.2 Stealth
 + Level 1.2 Shields
 + Level 1.2 Unarmed Combat
 + Level 3.0 Spellcasting
 + Level 1.0 Conjurations
 + Level 1.0 Hexes
 + Level 1.0 Summonings
 + Level 1.0 Necromancy
 + Level 1.0 Translocations
 + Level 5.5 Fire Magic
 + Level 1.0 Ice Magic
 + Level 1.0 Air Magic
 + Level 1.0 Earth Magic
 + Level 1.0 Alchemy
 + Level 1.3 Invocations
 + Level 1.2 Evocations
 + Level 1.1 Shapeshifting


You had 9 spell levels left.
You didn't know any spells.
Your spell library contained the following spells:

 Spells                   Type           Power      Damage    Failure   Level
 Scorch                   Fire           36%        2d6       3%          2


Dungeon Overview and Level Annotations

Branches:
Dungeon (2/15)

Altars:

Annotations:
D:2 Sigmund


Innate Abilities, Weirdness & Mutations

You have very sharp teeth.
Your uncanny sense of smell can sniff out nearby items.
Your experience applies equally to all skills.


Message History

Your Conjurations skill increases to level 1!
Your Hexes skill increases to level 1!
Your Summonings skill increases to level 1!
Your Necromancy skill increases to level 1!
Your Translocations skill increases to level 1!
Your Ice Magic skill increases to level 1!
Your Air Magic skill increases to level 1!
Your Earth Magic skill increases to level 1!
Your Alchemy skill increases to level 1!
You see here 10 gold pieces.
Sigmund is suddenly surrounded by pale blue light.
Sigmund casts a spell at you.
You are confused.
You bump into the rock wall.
Things that are here:
a rat skeleton; a frilled lizard skeleton; a rat skeleton
Okay, then.
Sigmund mumbles some strange words.
Sigmund flickers and vanishes!
Deactivating autopickup; reactivate with Ctrl-A.
Found 8 gold pieces.
You feel less confused.
You are confused.
Something hits you.
You barely miss something.
You bump into the rock wall.
Something hits you. Something hits you!
You bump into the rock wall.
You feel less confused.
You hear some strange, mumbled words.
Something tries to affect you, but you resist.
You closely miss something. Something barely misses you.
You hit something. You burn something. Your bite misses something.
You miss something. Something hits you!
You hit something but do no damage. Something hits you!
* * * LOW HITPOINT WARNING * * *
You closely miss something. Your punch misses something.
Your bite misses something. You hit something. You burn something.
You bite something. Something hits you!
You die...

#. ...#.#..$...#.#
#...##......@.#...#
...##.#.##.#.#.#.#
..............#∆..
#..##.###÷##.#.#.##
#.....).........#
#.####.###.##.#.#
#.####.###.##.#.#
#.......@{........
#.##)...#.###....$
#.##......# ####
#.##.....##
##'##...#.#
########...#...#.#
#......#...#...#.#
#......#...#...#..
...........########


There were no monsters in sight!

Vanquished Creatures
  3 adders (D:2)
  4 dart slugs (D:1)
  2 endoplasms (D:1)
  A giant cockroach (D:2)
  4 goblins
  4 hobgoblins
  6 jackals
  A quokka (D:2)
  5 ball pythons
  3 bats (D:1)
  2 frilled lizards
  A kobold (D:2)
  6 rats
42 creatures vanquished.

Notes
Turn   | Place    | Note
-------+----------+-------------------------------------------
     0 | D:1      | unlimited1921 the Gnoll Cinder Acolyte began the quest for
                  | the Orb.
     0 | D:1      | Reached XP level 1. HP: 23/23 MP: 4/4
    68 | D:1      | Reached XP level 2. HP: 28/29 MP: 5/5
   298 | D:1      | You fall into a shaft and drop 1 floor!
  1275 | D:1      | Reached XP level 3. HP: 20/35 MP: 7/7
  2310 | D:1      | Reached skill level 1 in Invocations
  2938 | D:2      | Reached skill level 1 in Short Blades
  2938 | D:2      | Reached skill level 1 in Long Blades
  2938 | D:2      | Reached skill level 1 in Maces & Flails
  2938 | D:2      | Reached skill level 1 in Polearms
  2938 | D:2      | Reached skill level 1 in Staves
  2938 | D:2      | Reached skill level 1 in Ranged Weapons
  2938 | D:2      | Reached skill level 1 in Throwing
  2938 | D:2      | Reached skill level 1 in Armour
  2938 | D:2      | Reached skill level 1 in Dodging
  2938 | D:2      | Reached skill level 1 in Stealth
  2938 | D:2      | Reached skill level 1 in Shields
  2938 | D:2      | Reached skill level 1 in Unarmed Combat
  2938 | D:2      | Reached skill level 1 in Evocations
  3275 | D:2      | Reached skill level 1 in Shapeshifting
  3275 | D:2      | Reached XP level 4. HP: 27/41 MP: 8/8
  3533 | D:2      | Noticed Sigmund
  3537 | D:2      | Reached skill level 1 in Conjurations
  3537 | D:2      | Reached skill level 1 in Hexes
  3537 | D:2      | Reached skill level 1 in Summonings
  3537 | D:2      | Reached skill level 1 in Necromancy
  3537 | D:2      | Reached skill level 1 in Translocations
  3537 | D:2      | Reached skill level 1 in Ice Magic
  3537 | D:2      | Reached skill level 1 in Air Magic
  3537 | D:2      | Reached skill level 1 in Earth Magic
  3537 | D:2      | Reached skill level 1 in Alchemy
  3562 | D:2      | Slain by Sigmund

Illustrated notes

Levels and vault maps discovered:
D:1:      psy_arrival_fountain, layout_basic
D:2:      layout_basic, minmay_diced_spiral, uniq_crazy_yiuf_cottage,
          uniq_robin, uniq_sigmund

Skill      XL: |  1  2  3  4 |
---------------+-------------+-----
Invocations    | 1 |  1.3
Short Blades   | 1 |  1.2
Long Blades    | 1 |  1.2
Maces & Flails | 1 |  1.2
Polearms       | 1 |  1.2
Staves         | 1 |  1.2
Ranged Weapons | 1 |  1.2
Throwing       | 1 |  1.2
Armour         | 1 |  1.2
Dodging        | 1 |  1.2
Stealth        | 1 |  1.2
Shields        | 1 |  1.2
Unarmed Combat | 1 |  1.2
Evocations     | 1 |  1.2
Shapeshifting  | 1 |  1.1
Spellcasting   | 3 |  3.0
Conjurations   | 1 |  1.0
Hexes          | 1 |  1.0
Summonings     | 1 |  1.0
Necromancy     | 1 |  1.0
Translocations | 1 |  1.0
Ice Magic      | 1 |  1.0
Air Magic      | 1 |  1.0
Earth Magic    | 1 |  1.0
Alchemy        | 1 |  1.0
Fighting       | |  6.6
Axes           | |  6.6
Fire Magic     | |  5.5

Action                     |  1- 3 |  4- 6 || total
---------------------------+-------+-------++-------
  Melee: Hand axe          |   104 |    31 ||   135
         Punch             |     3 |       ||     3
         Bite              |    10 |     1 ||    11
 Armour: Robe              |    69 |    18 ||    87
  Dodge: Dodged            |    71 |    19 ||    90
